 Dungeon Crawl Stone Soup version 0.22-a0-571-g4a923d4 (webtiles) character file.

5185 kr3s1m1r the Destroyer (level 10, -6/71 HPs)
             Began as a Barachi Fire Elementalist on July 1, 2018.
             Was an Elder of Sif Muna.
             Killed from afar by a deep elf mage (40 damage)
             ... with a bolt of lightning
             ... on level 8 of the Dungeon.
             The game lasted 00:30:27 (10695 turns).

kr3s1m1r the Destroyer (Barachi Fire Elementalist) Turns: 10695, Time: 00:30:29

Health: -6/71      AC: 10    Str:  9    XL:     10   Next: 60%
Magic:  1/29       EV: 14    Int: 19    God:    Sif Muna [****..]
Gold:   279        SH:  0    Dex: 13    Spells: 8/23 levels left

rFire    . . .     SeeInvis .   r - +0 mace (protect)
rCold    . . .     Gourm    .   (no shield)
rNeg     . . .     Faith    .   C - +1 steam dragon scales
rPois    +         Spirit   .   (no helmet)
rElec    .         Reflect  .   q - +0 cloak
rCorr    .         Harm     .   m - +0 pair of gloves
MR       .....                  y - +1 pair of boots
Stlth    ++........             i - amulet of regeneration
HPRegen  0.61/turn              l - ring of magical power
MPRegen  0.21/turn              s - ring of poison resistance

@: very slightly contaminated, no casting, slow
A: +LOS, swims, slowness 1, strong legs 1
a: Hop, Stop Divine Energy, Channel Magic, Forget Spell, Renounce Religion


You were on level 8 of the Dungeon.
You worshipped Sif Muna.
Sif Muna was greatly pleased with you.
You were not hungry.

You visited 1 branch of the dungeon, and saw 8 of its levels.

You collected 279 gold pieces.

Inventory:

Hand Weapons
 r - a +0 mace of protection (weapon)
Armour
 m - a +0 pair of gloves (worn)
 q - a +0 cloak (worn)
 y - a +1 pair of boots (worn)
 C - +1 steam dragon scales (worn)
Jewellery
 i - an amulet of regeneration (around neck)
 l - a ring of magical power (left hand)
 s - a ring of poison resistance (right hand)
 u - an uncursed ring of protection from cold
Wands
 w - a wand of paralysis (10)
 A - a wand of disintegration (19)
 B - a wand of polymorph (7)
Scrolls
 a - a scroll of vulnerability {unknown}
 d - a scroll of amnesia {unknown}
 f - 5 scrolls of remove curse
 g - 2 scrolls of immolation
 h - a scroll of fear
 k - 6 scrolls of identify
 o - 3 scrolls of enchant weapon
 t - 2 scrolls of teleportation
Potions
 b - 5 potions of agility {unknown}
 e - 2 potions of brilliance {unknown}
 j - 2 potions of curing {unknown}
 p - 2 potions of resistance {unknown}
 v - 2 potions of lignification {unknown}
 x - 2 potions of magic {unknown}
 z - a potion of flight {unknown}
Comestibles
 c - 14 rations


   Skills:
 + Level 3.8 Fighting
 + Level 4.1 Dodging
 - Level 1.7 Stealth
 + Level 7.3 Spellcasting
 + Level 10.1 Conjurations
 * Level 9.1 Fire Magic
 + Level 2.7 Invocations
 + Level 3.3 Evocations


You had 8 spell levels left.
You knew the following spells:

 Your Spells              Type           Power        Failure   Level  Hunger
h - Flame Tongue          Conj/Fire      #####        1%          1    None
j - Throw Icicle          Conj/Ice       ####....     12%         4    ###....
r - Conjure Flame         Conj/Fire      #####...     1%          3    #......
t - Fireball              Conj/Fire      #####.....   5%          5    #####..
z - Throw Flame           Conj/Fire      #####.       1%          2    None

Your spell library contained the following spells:

 Spells                   Type           Power        Failure   Level  Hunger
 Lightning Bolt           Conj/Air       ####......   34%         5    #####..
 Confuse                  Hex            #.......     30%         3    #......
 Throw Frost              Conj/Ice       ####..       1%          2    None
 Freeze                   Ice            #...         10%         1    None
 Sticky Flame             Conj/Fire      #####...     1%          4    ###....
 Summon Ice Beast         Ice/Summ       #.......     69%         4    ###....
 Ozocubu's Armour         Chrm/Ice       #.......     30%         3    #......
 Shock                    Conj/Air       ####         1%          1    None
 Swiftness                Chrm/Air       #.......     16%         2    None
 Airstrike                Air            #.........   69%         4    ###....
 Confusing Touch          Hex            #.....       10%         1    None
 Metabolic Englaciation   Hex/Ice        #.........   95%         5    #####..
 Static Discharge         Conj/Air       ####....     3%          3    #......
 Petrify                  Tmut/Erth      #.......     69%         4    ###....
 Inner Flame              Hex/Fire       ###.....     4%          3    #......
 Gell's Gravitas          Tloc           #.........   30%         3    #......
 Yara's Violent Unravell  Hex/Tmut       #.........   95%         5    #####..


Dungeon Overview and Level Annotations

Branches:
Dungeon (8/15)             Temple (0/1) D:4
   Lair: D:8-11

Altars:
Elyvilon
Kikubaaqudgha
Makhleb
Nemelex Xobeh
Sif Muna
Uskayaw
Wu Jian


Innate Abilities, Weirdness & Mutations

Shadows flee at your approach. (+LOS)
You can swim through water.
You cover ground slowly.
You can hop short distances.


Message History

Evoke which item? (* to show all) (? for menu, Esc to quit)
Okay, then.
Casting: Fireball (safe; 5% risk of failure)
Confirm with . or Enter, or press ? or * to list all spells.
Aiming: Fireball (safe; 5% risk of failure)
Press: ? - help, Shift-Dir - straight line, p - deep elf mage The fireball explodes!
The fireball engulfs the ice beast.
The ice beast melts!
You kill the ice beast!
Sif Muna accepts your kill.
The fireball engulfs the deep elf mage.
The deep elf mage is heavily wounded.
* * * LOW MAGIC WARNING * * *
Sif Muna grants you divine energy.
You briefly lose access to your magic!
You hear an angry hiss.
The deep elf mage hits you with a rapier.
The deep elf mage points at you and mumbles some strange words.
The bolt of lightning hits you!
Ouch! That really hurt!
You die...

#..5#.# #...§.#
(..z?e.####.#
[...... #.#
#..††## ###z# #
#!).. ###...##
.# #..#
#......# .# #..
#.#....#####..#
## #
####..z.@..#
+..e.####
#....# #....#
#.####
#...#######
#..........
#...#######
#...#


You could see a deep elf mage and a wight.

Vanquished Creatures
  A cyclops (D:7)
  An oklob plant (D:6)
  A deep elf mage (D:6)
  A kobold demonologist (D:7)
  Sigmund (D:2)
  A spriggan (D:7)
  A shadow (D:8)
  A steam dragon (D:7)
  A hungry ghost (D:7)
  An acid dragon (D:8)
  4 orc warriors
  A black bear (D:8)
  A phantom (D:6)
  2 ogres (D:7)
  4 ice beasts
  A sky beast (D:6)
  2 centaurs
  3 bullfrogs
  3 scorpions
  A crimson imp (D:7)
  A bullfrog zombie (D:8)
  A centaur zombie (D:6)
  4 hounds
  A bullfrog skeleton (D:6)
  8 orc wizards
  2 orc priests
  Crazy Yiuf (D:3)
  6 jellies (D:6)
  2 iguanas
  Ijyb (D:4)
  5 worker ants
  2 hound zombies
  4 hound skeletons
  10 adders
  2 shadow imps
  14 oozes
  3 worms
  5 dart slugs
  2 leopard geckos
  19 orcs
  8 bats
  7 giant cockroaches
  12 goblins
  12 hobgoblins
  10 jackals
  3 quokkas
  2 ball pythons (D:3)
  5 frilled lizards
  6 kobolds
  A quokka skeleton (D:4)
  2 quokka zombies (D:7)
  7 rats
200 creatures vanquished.

Vanquished Creatures (others)
  7 fungi (D:6)
7 creatures vanquished.

Grand Total: 207 creatures vanquished

Notes
Turn   | Place    | Note
-------+----------+-------------------------------------------
     0 | D:1      | kr3s1m1r the Barachi Fire Elementalist began the quest for the Orb.
     0 | D:1      | Reached XP level 1. HP: 13/13 MP: 3/3
   393 | D:1      | Reached XP level 2. HP: 10/19 MP: 0/5
   399 | D:1      | Learned a level 2 spell: Throw Flame
  1360 | D:1      | Reached XP level 3. HP: 24/24 MP: 1/6
  1365 | D:1      | Learned a level 3 spell: Conjure Flame
  2132 | D:2      | Reached skill level 2 in Conjurations
  2420 | D:2      | Found a deep blue altar of Sif Muna.
  2426 | D:2      | Became a worshipper of Sif Muna the Loreminder
  2778 | D:2      | Reached XP level 4. HP: 30/30 MP: 5/8
  2842 | D:2      | Noticed Sigmund
  3342 | D:2      | Killed Sigmund
  3342 | D:2      | Reached skill level 3 in Conjurations
  3342 | D:2      | Reached skill level 5 in Fire Magic
  3342 | D:2      | Reached XP level 5. HP: 18/35 MP: 2/10
  3563 | D:2      | Reached XP level 6. HP: 41/41 MP: 6/11
  3576 | D:2      | Learned a level 5 spell: Fireball
  4473 | D:3      | Noticed an ice beast
  4479 | D:3      | Killed an ice beast
  4479 | D:3      | Reached * piety under Sif Muna
  4479 | D:3      | Reached skill level 4 in Conjurations
  4999 | D:3      | Found a runed door.
  5003 | D:3      | Noticed Crazy Yiuf
  5006 | D:3      | Killed Crazy Yiuf
  5006 | D:3      | Reached XP level 7. HP: 46/46 MP: 13/13
  5316 | D:4      | Found a staircase to the Ecumenical Temple.
  5434 | D:4      | Found an ornate altar of the Wu Jian Council.
  6095 | D:4      | Noticed Ijyb
  6109 | D:4      | Killed Ijyb
  6109 | D:4      | Reached skill level 5 in Conjurations
  6272 | D:5      | Entered Level 5 of the Dungeon
  6615 | D:5      | Found an ancient bone altar of Kikubaaqudgha.
  6736 | D:5      | Found a white marble altar of Elyvilon.
  6851 | D:5      | Reached XP level 8. HP: 49/52 MP: 15/15
  6895 | D:5      | Found a sparkling altar of Nemelex Xobeh.
  7326 | D:6      | Reached ** piety under Sif Muna
  7326 | D:6      | Reached skill level 6 in Conjurations
  7394 | D:6      | Reached skill level 5 in Spellcasting
  7626 | D:6      | Reached skill level 7 in Conjurations
  8024 | D:6      | Noticed an oklob plant
  8029 | D:6      | Reached XP level 9. HP: 57/57 MP: 17/17
  8032 | D:6      | Reached *** piety under Sif Muna
  8032 | D:6      | Reached skill level 8 in Conjurations
  8440 | D:6      | Killed an oklob plant
  8754 | D:6      | Noticed a deep elf mage
  8758 | D:6      | Killed a deep elf mage
  8758 | D:6      | Reached skill level 1 in Fighting
  8758 | D:6      | Reached skill level 9 in Conjurations
  8758 | D:6      | Reached skill level 1 in Evocations
  9091 | D:7      | Found a burning altar of Makhleb.
  9099 | D:7      | Learned a level 4 spell: Throw Icicle
  9151 | D:7      | Reached skill level 1 in Invocations
  9300 | D:7      | Found a hide-covered altar of Uskayaw.
  9593 | D:7      | Reached **** piety under Sif Muna
  9626 | D:7      | Reached XP level 10. HP: 60/68 MP: 0/20
 10192 | D:7      | Noticed a kobold demonologist
 10193 | D:7      | Noticed a cyclops
 10195 | D:7      | Killed a kobold demonologist
 10199 | D:7      | Killed a cyclops
 10204 | D:7      | Reached skill level 10 in Conjurations
 10671 | D:8      | Noticed a deep elf mage
 10695 | D:8      | Killed from afar by a deep elf mage

Vault maps used:
D:1:      onia_arrival_mini_spirals
D:2:      led_sif_pool, serial_co_window_serial, co_window_paths_b,
          co_window_paths_a, co_window_paths_b, co_window_of_opportunity_a,
          co_window_corner_a, co_window_broadway_c, co_window_unsneaky_path_b,
          co_window_broadway_a, glass_columns_b, glass_columns_a,
          glass_columns_a, glass_columns_a, glass_columns_a, uniq_sigmund
D:3:      nicolae_overflow_hidden_temple, uniq_crazy_yiuf_cottage
D:4:      kennysheep_goblin_castle, nicolae_overflow_crystal_walls,
          minmay_temple_entry_butterflies, first_ration, minmay_misc_feat_tiny
D:5:      marbit_many_paths, old_standard_altar, basic_altar
D:6:      lemuel_slime, minmay_misc_feat_diagonals, guppyfry_early_elven_hall
D:7:      minmay_blocky_corners, lemuel_round_altar, basic_altar, the_bakery,
          hangedman_abyss_or_decor_lesser_grid
D:8:      minmay_bloctagon, nicolae_ashenzari_panopticon,
          gammafunk_temple_overflow_arena, kennysheep_dice

Skill      XL: |  1  2  3  4  5  6  7  8  9 10 |
---------------+-------------------------------+-----
Fire Magic     | 4 5 6 7 8 9 |  9.1
Conjurations   | 2 3 4 5 7 9 10 | 10.1
Spellcasting   | 3 4 5 6 7 |  7.3
Fighting       | 2 3 |  3.8
Evocations     | 2 3 |  3.3
Invocations    | 1 2 |  2.7
Dodging        | 3 4 |  4.1
Stealth        | |  1.7

Action                   |  1- 3 |  4- 6 |  7- 9 | 10-12 || total
-------------------------+-------+-------+-------+-------++-------
Melee: Unarmed           |     7 |       |       |       ||     7
       Mace              |       |       |    56 |       ||    56
 Cast: Flame Tongue      |    55 |    59 |   162 |    17 ||   293
       Throw Flame       |    17 |    26 |    58 |    13 ||   114
       Conjure Flame     |     1 |       |    26 |       ||    27
       Fireball          |       |       |    17 |    18 ||    35
       Throw Icicle      |       |       |     2 |       ||     2
Invok: Divine Energy     |       |     1 |       |       ||     1
 Abil: Hop               |     2 |       |     1 |       ||     3
  Use: Scroll            |       |     6 |     3 |     1 ||    10
       Potion            |       |     3 |       |     1 ||     4
  Eat: Chunk             |     8 |     9 |    18 |       ||    35
       Ration            |       |       |     1 |     3 ||     4
Armor: Robe              |    22 |     3 |    58 |     1 ||    84
       Steam dragon scal |       |       |       |     2 ||     2
Dodge: Dodged            |    38 |     9 |   101 |     8 ||   156

Table legend:
 A = Spawn XP
 B = Non-spawn XP
 C = Spawn XP percentage of total XP
 D = Spawn monster count
 E = Non-spawn monster count
 F = Spawn count percentage of total count
 G = Total turns spent on level
                    A         B        C        D         E        F      G
               +---------+---------+-------+---------+---------+-------+---------
         Total |       0 |    7408 |   0.0 |       0 |     200 |   0.0 | 10695
               +---------+---------+-------+---------+---------+-------+---------
           D:1 |       0 |      45 |   0.0 |       0 |      22 |   0.0 |  1931
           D:2 |       0 |     295 |   0.0 |       0 |      24 |   0.0 |  1949
           D:3 |       0 |     287 |   0.0 |       0 |      29 |   0.0 |  1168
           D:4 |       0 |     221 |   0.0 |       0 |      23 |   0.0 |  1226
           D:5 |       0 |     547 |   0.0 |       0 |      18 |   0.0 |  1122
           D:6 |       0 |    2501 |   0.0 |       0 |      39 |   0.0 |  1937
           D:7 |       0 |    2626 |   0.0 |       0 |      35 |   0.0 |  1302
           D:8 |       0 |     886 |   0.0 |       0 |      10 |   0.0 |    60
               +---------+---------+-------+---------+---------+-------+---------
